 Dungeon Crawl Stone Soup version 0.19.5 (webtiles) character file.

1763 chlorine the Archer (level 8, -2/68 HPs)
             Began as a Centaur Hunter on Apr 8, 2017.
             Was an Initiate of Okawaru.
             Killed from afar by Dowan (21 damage)
             ... with a shard of ice
             ... on level 6 of the Dungeon on Apr 13, 2017.
             The game lasted 02:43:09 (9935 turns).

chlorine the Archer (Centaur Hunter)                Turns: 9935, Time: 02:43:09

Health: -2/68      AC:  7    Str: 15    XL:     8   Next: 79%
Magic:  9/9        EV:  8    Int: 10    God:    Okawaru [......]
Gold:   82         SH:  0    Dex: 12    Spells: 1 memorised, 6 levels left

rFire  . . .     SeeInvis .     a - +1 shortbow
rCold  . . .     Gourm    .     F - +0 leather armour (curse)
rNeg   . . .     Faith    .     (shield currently unavailable)
rPois  +         Spirit   .     S - +0 helmet
rElec  .         Reflect  .     (no cloak)
rCorr  .         Harm     .     A - +1 pair of gloves
MR     .....                    (no barding)
Stlth  +.........               (no amulet)
                                (no ring)
                                L - ring of poison resistance

@: heavily drained, very quick
A: hooves 3, deformed body, speed 2, tough skin 3
a: Renounce Religion


You were on level 6 of the Dungeon.
You worshipped Okawaru.
Okawaru was noncommittal.
You were not hungry.

You visited 2 branches of the dungeon, and saw 8 of its levels.

You collected 283 gold pieces.
You spent 201 gold pieces at shops.

Inventory:

Hand Weapons
 a - a +1 shortbow (weapon)
 b - a +0 falchion
 r - a +2 short sword of speed
 D - a +0 long sword
Missiles
 d - 63 arrows (quivered)
 s - 151 stones
Armour
 c - a +0 leather armour
 g - a +0 ring mail
 u - a +0 ring mail
 y - a +0 ring mail
 A - a +1 pair of gloves (worn)
 F - a cursed +0 leather armour (worn)
 O - a +0 ring mail
 P - a +0 leather armour
 R - a +0 ring mail
 S - a +0 helmet (worn)
 V - a +0 leather armour
 W - a +0 leather armour
 Y - the +0 robe of Repulsion {*Slow rPois Dex+5}
   (You found it on level 4 of the Dungeon)

   It affects your dexterity (+5).
   It protects you from poison.
   It may slow you when you take damage.
Jewellery
 L - a ring of poison resistance (left hand)
 Q - an uncursed amulet of harm
Wands
 h - a wand of lightning (11/15)
Scrolls
 i - 2 scrolls of identify
 l - a scroll of fear
 n - a scroll of remove curse
 x - a scroll of fog
 E - a scroll of blinking {unknown}
 G - a scroll of teleportation {unknown}
 M - 2 scrolls of recharging
 X - a scroll of noise {unknown}
 Z - a scroll of enchant weapon {unknown}
Potions
 e - 3 potions of lignification
 k - 2 potions of cure mutation {unknown}
 o - 2 potions of curing
 p - 3 potions of degeneration
 q - a potion of brilliance {unknown}
 t - 2 potions of might
 v - 2 potions of agility {unknown}
 C - a potion of heal wounds
 H - a potion of haste {unknown}
 I - 2 potions of mutation {unknown}
Books
 m - a book of Frost

   Spells                             Type                      Level
   a - Freeze                         Ice                          1
   b - Throw Frost                    Conjuration/Ice              2
   c - Ozocubu's Armour               Charms/Ice                   3
   d - Throw Icicle                   Conjuration/Ice              4
   e - Summon Ice Beast               Ice/Summoning                4
Comestibles
 f - 5 bread rations
 j - 3 meat rations
 z - 2 beef jerkies
 T - 5 fruits


   Skills:
 + Level 5.2(3.4) Fighting
 - Level 2.4(1.5) Short Blades
 - Level 3.0(1.7) Long Blades
 - Level 10.3(8.3) Bows
 - Level 3.0(1.3) Armour
 - Level 1.3(0.0) Dodging
 - Level 0.4(0.0) Stealth
 - Level 3.1(1.4) Ice Magic
 - Level 1.3(0.0) Evocations


You had 6 spell levels left.
You knew the following spells:

 Your Spells              Type           Power        Failure   Level  Hunger
a - Freeze                Ice            #...         30%         1    ##.....


Dungeon Overview and Level Annotations

Branches:
Dungeon (7/15)             Temple (1/1) D:7

Altars:
Cheibriados
Dithmenos
Fedhas
Gozag
Hepliaklqana
Kikubaaqudgha
Makhleb
Nemelex Xobeh
Okawaru
Sif Muna
Uskayaw
Vehumet
Yredelemnul
Zin

Shops:
D:5 ?

Annotations:
D:5 pas fini, Menkaure
D:6 Dowan, Pikel, Prince Ribbit


Innate Abilities, Weirdness & Mutations

You have hooves in place of feet.
Armour fits poorly on your strangely shaped body.
You cover ground very quickly.
You have extremely tough skin. (AC +3)


Message History

Press: ? - help, Shift-Dir - straight line, f/p - Dowan
Aim: Dowan, wielding an enchanted mace and wearing a robe (lightly wounded, fast)
You shoot an arrow. The arrow barely misses Dowan.
Firing (i - inventory. (,) - cycle):
d - 64 arrows (quivered)
Press: ? - help, Shift-Dir - straight line, f/p - Dowan
Aim: Dowan, wielding an enchanted mace and wearing a robe (lightly wounded, fast)
You shoot an arrow. The arrow misses Dowan.
Dowan casts a spell at you. The shard of ice hits you!
* * * LOW HITPOINT WARNING * * *
Dowan says, "How can I live without her?"
Prince Ribbit gives a loud, deep croak!
Dowan mumbles some strange words.
Dowan blinks!
There is a stone staircase leading up here.
Prince Ribbit says, "You're just another fly to me."
You see here a war axe.
Dowan gestures at you while chanting. The shard of ice hits you!
You die...

########### ..((((.(..#
#>#####(#.######## #.#
#p#........# #(# #.########.#
############## ((# #.#
##@###....(....#... z## #K#
#.e.ยง...[...(#.#.## K#
#.#######<.###.##........# .#
#.##.......[...##.##.....##
p######(##.####.F######.##.......
...(((((##p# #.[# ###.##.....##
.#########(# #..# #...##.....#
#.########K# #..# #.####.#.#.#
##(..Kp(.#.# #..# #.# #.#.#.##


You could see Prince Ribbit and Dowan.

Vanquished Creatures
  Duvessa (D:6)
  2 slaves (D:6)
  An ice beast (D:5)
  A sky beast (D:5)
  2 ogres (D:6)
  The ghost of simples the Skirmisher, an amateur FoAK of Lugonu (D:3)
  An orc warrior (D:7)
  A water moccasin zombie (D:5)
  4 wights (D:7)
  4 crimson imps
  A hound (D:5)
  5 orc priests
  4 orc wizards
  2 bullfrog skeletons (D:5)
  Jessica (D:3)
  6 worker ants
  A hound skeleton (D:4)
  A worker ant zombie (D:4)
  9 adders
  3 gnolls (D:6)
  An ooze (D:1)
  An adder zombie (D:5)
  A worm (D:2)
  5 dart slugs
  3 leopard geckos
  17 orcs
  6 bats
  7 giant cockroaches
  6 goblins
  13 hobgoblins
  9 jackals
  9 kobolds
  A quokka (D:5)
  3 ball pythons
  3 frilled lizards
  A leopard gecko skeleton (D:7)
  A quokka skeleton (D:5)
  10 rats
148 creatures vanquished.

Notes
Turn   | Place    | Note
-------+----------+-------------------------------------------
     0 | D:1      | chlorine the Centaur Hunter began the quest for the Orb.
     0 | D:1      | Reached XP level 1. HP: 17/17 MP: 1/1
    13 | D:1      | Reached skill level 1 in Short Blades
   248 | D:1      | Reached XP level 2. HP: 22/24 MP: 2/2
   804 | D:1      | Reached XP level 3. HP: 29/29 MP: 3/3
  1256 | D:3      | Noticed simples's ghost (amateur FoAK)
  1258 | D:2      | Reached skill level 6 in Bows
  2151 | D:3      | Killed simples's ghost
  2151 | D:3      | Reached XP level 4. HP: 39/40 MP: 4/4
  2151 | D:3      | Reached XP level 5. HP: 45/46 MP: 5/5
  2232 | D:3      | Noticed Jessica
  2247 | D:3      | Killed Jessica
  3055 | D:3      | Reached skill level 7 in Bows
  3236 | D:4      | Reached XP level 6. HP: 21/52 MP: 6/6
  3517 | D:5      | Entered Level 5 of the Dungeon
  3535 | D:4      | Reached skill level 1 in Long Blades
  3945 | D:4      | Got a fine robe
  4242 | D:4      | Found a sparkling altar of Nemelex Xobeh.
  4303 | D:4      | Identified the +0 robe of Repulsion {*Slow rPois Dex+5} (You found it on level 4 of the Dungeon)
  4359 | D:5      | HP: 2/52 [centaur/arrow (10)]
  5453 | D:6      | Reached skill level 1 in Armour
  5453 | D:6      | Reached XP level 7. HP: 43/59 MP: 7/7
  5751 | D:5      | Learned a level 1 spell: Freeze
  5795 | D:5      | Reached skill level 1 in Ice Magic
  6231 | D:5      | Noticed Menkaure
  6959 | D:6      | Reached skill level 8 in Bows
  6959 | D:6      | Reached XP level 8. HP: 66/66 MP: 8/8
  7219 | D:6      | Noticed Pikel
  7437 | D:7      | Reached skill level 1 in Evocations
  7567 | D:7      | Reached skill level 9 in Bows
  8131 | D:7      | Found a staircase to the Ecumenical Temple.
  8140 | Temple   | Entered the Ecumenical Temple
  8226 | Temple   | Became a worshipper of Warmaster Okawaru
  8800 | D:5      | Found Septyff's Magic Scroll Emporium.
  8807 | D:5      | Bought a scroll of identify for 26 gold pieces
  8808 | D:5      | Bought a scroll of identify for 26 gold pieces
  8808 | D:5      | Bought a scroll of identify for 26 gold pieces
  8808 | D:5      | Bought a scroll of recharging for 123 gold pieces
  8992 | D:5      | Reached skill level 10 in Bows
  9298 | D:6      | Noticed Duvessa
  9311 | D:6      | Killed Duvessa
  9311 | D:6      | Reached skill level 5 in Fighting
  9411 | D:6      | Noticed Prince Ribbit
  9886 | D:6      | Noticed Dowan
  9935 | D:6      | Killed from afar by Dowan

Skill      XL: |  1  2  3  4  5  6  7  8 |
---------------+-------------------------+-----
Short Blades   | 1 2 |  2.4
Bows           | 6 7 8 10 | 10.3
Fighting       | 4 5 |  5.2
Long Blades    | 3 |  3.0
Armour         | 1 2 3 |  3.0
Ice Magic      | 3 |  3.1
Evocations     | 1 |  1.3
Dodging        | |  1.3
Stealth        | |  0.4

Action                   |  1- 3 |  4- 6 |  7- 9 || total
-------------------------+-------+-------+-------++-------
Melee: Short sword       |    68 |    34 |       ||   102
       Kick              |    10 |    25 |    17 ||    52
       Falchion          |       |    76 |    63 ||   139
 Fire: Shortbow          |    86 |   112 |   333 ||   531
Evoke: Wand              |       |       |     1 ||     1
  Use: Scroll            |       |     6 |     4 ||    10
       Potion            |       |     1 |       ||     1
  Eat: Chunk             |     2 |     6 |     5 ||    13
       Bread ration      |       |     1 |     1 ||     2
Armor: Leather armour    |    38 |    35 |    54 ||   127
       Skin              |       |     1 |       ||     1
       Robe              |       |    21 |       ||    21
Dodge: Dodged            |    34 |    64 |    57 ||   155
       Rpst.: Falchion   |       |    11 |     6 ||    17
